 Dungeon Crawl Stone Soup version 0.31-a0-819-gf6de2f5ab6 (webtiles) character file.

Game seed: 6200257499974564748

126 Shayle the Trooper (level 5, -2/52 HPs)
             Began as an Ogre Hexslinger on Sept 23, 2023.
             Slain by an orc
             ... wielding a +0 flail
              (7 damage)
             ... on level 3 of the Dungeon.
             The game lasted 00:02:43 (1956 turns).

Shayle the Trooper (Ogre Hexslinger)                Turns: 1956, Time: 00:02:44

Health: -2/52      AC:  3    Str: 11 (12) XL:     5   Next: 9%
Magic:  8/8        EV: 10    Int: 14 (16) God:
Gold:   123        SH:  0    Dex:  9 (11) Spells: 9/9 levels left

rFire   . . .        a - +1 sling
rCold   . . .        (no shield)
rNeg    . . .        c - +0 robe
rPois   .            (helmet restricted)
rElec   .            (no cloak)
rCorr   .            (gloves unavailable)
SInv    .            (boots unavailable)
Will    .....        (no amulet)
Stlth   +            (no ring)
HPRegen 0.28/turn    (no ring)
MPRegen 0.11/turn

%: no passive effects
@: mighty
A: large, unfitting armour, tough skin 1
a: no special abilities


You were on level 3 of the Dungeon.
You visited 1 branch of the dungeon, and saw 3 of its levels.

You collected 123 gold pieces.

Inventory:

Hand Weapons
 a - a +1 sling (weapon)
Armour
 c - a +0 robe (worn)
Jewellery
 i - a +5 ring of evasion
Scrolls
 b - a scroll of amnesia {unknown}
 f - a scroll of revelation {unknown}
 g - 3 scrolls of identify {unknown}
 h - 2 scrolls of vulnerability {unknown}
 j - a scroll of fog {unknown}
 k - a scroll of teleportation {unknown}
 l - a scroll of enchant weapon {unknown}
 m - a scroll of fear {unknown}


   Skills:
 + Level 2.9 Fighting
 - Level 1.3 Ranged Weapons
 + Level 2.5 Dodging
 + Level 2.5 Spellcasting
 - Level 2.6 Hexes
 + Level 2.0 Fire Magic
 + Level 2.0 Invocations


You had 9 spell levels left.
You didn't know any spells.
Your spell library contained the following spells:

 Spells                   Type           Power      Damage    Failure   Level
 Jinxbite                 Hex            18%        N/A       12%         2
 Ensorcelled Hibernation  Hex/Ice        10%        N/A       21%         2
 Sigil of Binding         Hex            9%         N/A       22%         3
 Inner Flame              Hex/Fire       8%         N/A       26%         3
 Passwall                 Tmut/Erth      0%         N/A       34%         2
 Swiftness                Air            1%         N/A       56%         3
 Cause Fear               Hex            4%         N/A       58%         4
 Dimensional Bullseye     Hex/Tloc       2%         N/A       78%         4


Dungeon Overview and Level Annotations

Branches:
Dungeon (3/15)

Altars:

Annotations:
D:3 2 transporters


Innate Abilities, Weirdness & Mutations

You are too large for most types of armour.
You have tough skin. (AC +1)


Message History

Unknown command.
You shoot a sling bullet. The sling bullet misses the adder.
The sling bullet hits the orc but does no damage.
You feel very sick. The adder bites you but does no damage.
The adder barely misses you.
You shoot a sling bullet. The sling bullet hits the adder.
You kill the adder!
You feel sick. The orc closely misses you.
Your Fire Magic skill increases to level 2!
Unknown command.
You shoot a sling bullet.
The sling bullet hits the orc but does no damage.
You feel sick. The orc misses you.
Unknown command.
You shoot a sling bullet. The sling bullet hits the orc.
The orc is severely wounded.
You feel sick. The orc hits you with a +0 flail.
* * * LOW HITPOINT WARNING * * *
It was a potion of might.
You feel very mighty all of a sudden.
You feel sick. The orc misses you.
It was a potion of degeneration.
There was something very wrong with that liquid.
You feel weakened.
You feel dopey.
You feel clumsy.
You feel sick.
You are no longer poisoned.
The orc closely misses you.
You shoot a sling bullet.
The sling bullet hits the orc but does no damage.
The orc is severely wounded.
The orc barely misses you. The orc hits you but does no damage.
You shoot a sling bullet.
The sling bullet hits the orc but does no damage.
The orc is heavily wounded.
The orc hits you with a +0 flail.
* * * LOW HITPOINT WARNING * * *
You shoot a sling bullet.
The sling bullet closely misses the orc.
The orc hits you with a +0 flail!
You die...

#########.###.# #.#
#.....#
.##...##...##.####.##
###.###
....................#
#.#
.##...##...#######..#
#.# ###.#####.##
#..####### #.### # #.#
#.# #......... ..##. #
#.# #.# #.######## ####.
# #.# #.########.### #.
. ..#####...{S.o@....#
##. .
###........######..# #.#
#.######.######..#######
#.# #S#.............#
#.# o....###..#####.##
##. .o... #..# #...####.
....... #.......#...>.)
##.......
..#####...####.
.......##### ##.#####.


You could see an adder and an orc.

Vanquished Creatures
  An orc wizard (D:2)
  3 gnolls (D:2)
  An adder (D:3)
  4 orcs
  6 bats
  6 endoplasms
  3 giant cockroaches
  4 goblins
  5 hobgoblins
  4 jackals (D:1)
  5 quokkas
  4 ball pythons
  A frilled lizard (D:1)
  3 kobolds
  3 rats
53 creatures vanquished.

Notes
Turn   | Place    | Note
-------+----------+-------------------------------------------
     0 | D:1      | Shayle the Ogre Hexslinger began the quest for the Orb.
     0 | D:1      | Reached XP level 1. HP: 19/19 MP: 2/2
    15 | D:1      | Reached skill level 1 in Fire Magic
    43 | D:1      | Reached XP level 2. HP: 23/28 MP: 4/4
   424 | D:1      | Reached skill level 1 in Invocations
   554 | D:1      | Reached XP level 3. HP: 35/35 MP: 5/5
   557 | D:1      | Found a faded altar of an unknown god.
  1016 | D:2      | Reached XP level 4. HP: 43/44 MP: 7/7
  1637 | D:3      | Found a transporter.
  1679 | D:3      | Reached XP level 5. HP: 52/52 MP: 8/8
  1812 | D:3      | Found a transporter.
  1956 | D:3      | Slain by an orc

Illustrated notes

Levels and vault maps discovered:
D:1:      erik_arrival_cave_to_civilisation [erik_arrival_cave_to_hall],
          layout_rooms, hellmonk_ecumenical_altar_heavens_door
D:2:      layout_basic, nicolae_grassy_gnolls
D:3:      gammafunk_wand_slinger, layout_loops_ring, nrook_uturn

Skill      XL: |  1  2  3  4  5 |
---------------+----------------+-----
Fire Magic     | 1 2 |  2.0
Dodging        | 2 |  2.5
Fighting       | 2 |  2.9
Invocations    | 1 2 |  2.0
Spellcasting   | 2 |  2.5
Ranged Weapons | |  1.3
Hexes          | |  2.6

Action                     |  1- 3 |  4- 6 || total
---------------------------+-------+-------++-------
   Fire: Sling             |   141 |    82 ||   223
    Use: Scroll            |     1 |       ||     1
         Potion            |       |     2 ||     2
 Armour: Robe              |    64 |    46 ||   110
  Dodge: Dodged            |    60 |    37 ||    97

Table legend: (Time is in decaauts)
 A = Elapsed time spent in this place.
 B = Non-inter-level travel time spent in this place.
 C = Inter-level travel time spent in this place.
 D = Time resting spent in this place.
 E = Time spent auto-exploring this place.
 F = Levels seen in this place.
 G = Mean time per level.
                   A        B        C        D        E       F      G
               +--------+--------+--------+--------+--------+-----+--------+
         Total |   2029 |   1927 |    102 |    127 |   1333 |   3 |  676.3 |
       Dungeon |   2029 |   1927 |    102 |    127 |   1333 |   3 |  676.3 |
               +--------+--------+--------+--------+--------+-----+--------+

Top non-repeatable levels by time:
     D:1: 1014 daAuts
     D:2: 647 daAuts
     D:3: 368 daAuts
